 Dungeon Crawl Stone Soup version 0.27.1-1-g398f81649c (webtiles) character file.

Game seed: 12962959487560707231

422 nxtlvl the Spear-Bearer (level 6, -3/53 HPs)
             Began as a Minotaur Abyssal Knight on Sept 14, 2021.
             Was a Believer of Lugonu.
             Slain by a sky beast (5 damage)
             ... on level 6 of the Dungeon.
             The game lasted 00:13:26 (1460 turns).

nxtlvl the Spear-Bearer (Minotaur Abyssal Knight)   Turns: 1460, Time: 00:13:26

Health: -3/53      AC:  5    Str: 16 (19) XL:     6   Next: 63%
Magic:  6/6        EV: 10    Int:  6 (9)  God:    Lugonu [**....]
Gold:   80         SH:  0    Dex:  9      Spells: 5/5 levels left

rFire    . . .     SeeInvis .   a - +1 spear
rCold    . . .     Faith    .   (no shield)
rNeg     . . .     Spirit   .   c - +0 ring mail
rPois    .         Reflect  .   (helmet restricted)
rElec    .         Harm     .   (no cloak)
rCorr    .         Rampage  .   (no gloves)
Will     .....                  (no boots)
Stlth    ..........             (no amulet)
HPRegen  0.17/turn              (no ring)
MPRegen  0.10/turn              (no ring)

@: no status effects
A: horns 2, retaliatory headbutt
a: Renounce Religion, Depart the Abyss, Bend Space


You were on level 6 of the Dungeon.
You worshipped Lugonu.
Lugonu was pleased with you.
You visited 1 branch of the dungeon, and saw 7 of its levels.
You visited the Abyss 1 time.

You collected 80 gold pieces.

Inventory:

Hand Weapons
 a - a +1 spear (weapon)
 b - a +0 hunting sling
 r - a +2 whip of electrocution
Missiles
 e - 68 arrows
 q - 20 bolts
 s - 8 javelins
 w - 4 poisoned darts (quivered)
Armour
 c - a +0 ring mail (worn)
 v - a +2 robe of positive energy
Scrolls
 d - a scroll of enchant weapon {unknown}
 g - a scroll of immolation
 h - a scroll of fear {unknown}
 j - a scroll of acquirement {unknown}
 n - a scroll of identify {unknown}
 o - a scroll of teleportation {unknown}
 p - a scroll of enchant armour {unknown}
Potions
 f - a potion of cancellation
 i - a potion of brilliance
 k - 3 potions of curing
 t - a potion of mutation {unknown}
 u - a potion of lignification {unknown}


   Skills:
 + Level 4.5 Fighting
 * Level 8.2 Polearms
 - Level 2.4 Armour
 - Level 1.1 Dodging
 - Level 1.7 Invocations


You had 5 spell levels left.
You didn't know any spells.
Your spell library was empty.

Dungeon Overview and Level Annotations

Branches:
Dungeon (7/15)             Temple (0/1) D:5

Altars:
Ashenzari


Innate Abilities, Weirdness & Mutations

You have a pair of horns on your head.
You reflexively headbutt those who attack you in melee.


Message History

The orc hits you with a +0 short sword.
* * * LOW HITPOINT WARNING * * *
You closely miss the orc.
The orc is heavily wounded.
The orc misses you.
You hit the orc.
The orc is almost dead.
You hit the orc.
You kill the orc!
Lugonu accepts your kill.
The sky beast flickers out of sight!
Deactivating autopickup; reactivate with Ctrl-A.
There is an open door here.
A sky beast appears from thin air!
Reactivating autopickup.
The sky beast flickers out of sight!
Deactivating autopickup; reactivate with Ctrl-A.
There is an open door, spattered with blood here.
Items here: ) [ ††.
A sky beast appears from thin air!
Reactivating autopickup.
There is an open door here.
You hit the sky beast. Your headbutt misses the sky beast.
The sky beast is lightly wounded.
The sky beast hits you.
* * * LOW HITPOINT WARNING * * *
The sky beast shocks you.
* * * LOW HITPOINT WARNING * * *
The sky beast flickers out of sight!
Deactivating autopickup; reactivate with Ctrl-A.
A sky beast appears from thin air!
Reactivating autopickup.
There is an open door, spattered with blood here.
Items here: ) [ ††.
You barely miss the sky beast. Your headbutt misses the sky beast.
The sky beast is lightly wounded.
The sky beast hits you.
* * * LOW HITPOINT WARNING * * *
The sky beast shocks you.
You die...

#.............#
#.........>...#
#.............############
#.......#'###.....#...##..
#.......#...#.....'....#..
#.......+...#.....#....#..
#.(.....#...#.....#....'..
#.......#...#.....#....#..
#########@###.....########
#..Y§...#### #. #.......#
#. #.......# #. #.......#
#. .........# #.
....(.....# +.
...........# #.
....(......# ...


You could see a sky beast.

Vanquished Creatures
  A steam dragon (D:7)
  A necrophage (D:7)
  A bullfrog skeleton (D:5)
  2 hounds
  An iguana (D:7)
  2 orc wizards
  9 orcs
  5 endoplasms
  2 giant cockroaches
  A goblin (D:1)
  4 hobgoblins
  3 bats
  5 kobolds
  2 rats
39 creatures vanquished.

Notes
Turn   | Place    | Note
-------+----------+-------------------------------------------
     0 | Abyss:1  | nxtlvl the Minotaur Abyssal Knight began the quest for the
                  | Orb.
     0 | Abyss:1  | Reached XP level 1. HP: 19/19 MP: 1/1
     4 | D:1      | Escaped the Abyss
    56 | D:1      | Reached skill level 3 in Polearms
   217 | D:1      | Reached XP level 2. HP: 17/26 MP: 2/2
   258 | D:2      | Reached ** piety under Lugonu
   369 | D:3      | Found a broken altar of Ashenzari.
   484 | D:4      | Reached skill level 4 in Polearms
   502 | D:5      | Entered Level 5 of the Dungeon
   532 | D:5      | Found a staircase to the Ecumenical Temple.
   547 | D:5      | Reached XP level 3. HP: 15/31 MP: 3/3
   692 | D:5      | Reached skill level 5 in Polearms
   692 | D:5      | Reached XP level 4. HP: 15/39 MP: 4/4
   818 | D:5      | Reached skill level 6 in Polearms
   856 | D:5      | Noticed an ogre
  1166 | D:7      | Noticed a necrophage
  1173 | D:7      | Killed a necrophage
  1174 | D:7      | Reached skill level 7 in Polearms
  1174 | D:7      | Reached XP level 5. HP: 43/45 MP: 5/5
  1234 | D:7      | Noticed a steam dragon
  1278 | D:7      | HP: 2/46 [steam dragon (6)]
  1280 | D:7      | Killed a steam dragon
  1281 | D:7      | Reached skill level 8 in Polearms
  1281 | D:7      | Reached XP level 6. HP: 3/53 MP: 6/6
  1300 | D:6      | Noticed a sky beast
  1327 | D:6      | Noticed a wyvern
  1451 | D:6      | HP: 2/53 [sky beast (6)]
  1460 | D:6      | HP: 2/53 [sky beast (2)]
  1460 | D:6      | Slain by a sky beast

Illustrated notes

Levels and vault maps discovered:
D:1:      giann_forest_graveyard, layout_basic,
          shapermc_ecumenical_altar_mp_vishouse, grunt_decor_junction,
          minmay_tetromino_i4
D:2:      layout_basic
D:3:      layout_rooms, cheibrodos_ashenzari_chains
D:4:      layout_loops_corners
D:5:      layout_loops_ring, minmay_temple_entry_trees, uniq_edmund
D:6:      layout_gridville, uniq_eustachio, uniq_blork_the_orc, uniq_sigmund
D:7:      layout_basic, nicolae_shop_firing_range

Skill      XL: |  1  2  3  4  5 |
---------------+----------------+-----
Polearms       | 3 4 5 7 8 |  8.2
Fighting       | 4 |  4.5
Armour         | |  2.4
Dodging        | |  1.1
Invocations    | |  1.7

Action                   |  1- 3 |  4- 6 || total
-------------------------+-------+-------++-------
Melee: Spear             |    69 |   115 ||   184
       Headbutt          |     6 |    16 ||    22
Throw: Dart              |       |     3 ||     3
  Use: Potion            |       |     5 ||     5
       Scroll            |       |     1 ||     1
Armor: Leather armour    |    11 |       ||    11
       Ring mail         |     4 |    23 ||    27
Dodge: Dodged            |    26 |    34 ||    60
